 Dungeon Crawl Stone Soup version 0.21-a0-517-gd76cfe0 (webtiles) character file.

28 Firecrotchwizard the Charmwright (level 3, -3/31 HPs)
             Began as a Gnoll Skald on Dec 3, 2017.
             Slain by a worm (8 damage)
             ... on level 2 of the Dungeon.
             The game lasted 00:01:25 (799 turns).

Firecrotchwizard the Charmwright (Gnoll Skald)       Turns: 799, Time: 00:01:25

Health: -3/31      AC:  3    Str: 13    XL:     3   Next: 14%
Magic:  8/9        EV: 14    Int: 15    God:
Gold:   47         SH:  0    Dex: 15    Spells: 9/12 levels left

rFire    . . .     SeeInvis .   a - +0 falchion
rCold    . . .     Gourm    .   (no shield)
rNeg     . . .     Faith    .   b - +0 leather armour
rPois    .         Spirit   .   (no helmet)
rElec    .         Reflect  .   (no cloak)
rCorr    .         Harm     .   (no gloves)
MR       .....                  (no boots)
Stlth    +.........             (no amulet)
HPRegen  0.10/turn              (no ring)
MPRegen  0.11/turn              (no ring)

@: no status effects
A: distributed training, fangs 1, strong nose
a: no special abilities


You were on level 2 of the Dungeon.
You were not hungry.

You visited 1 branch of the dungeon, and saw 2 of its levels.

You collected 47 gold pieces.

Inventory:

Hand Weapons
 a - a +0 falchion (weapon)
Armour
 b - a +0 leather armour (worn)
Scrolls
 e - 2 scrolls of identify {unknown}
 g - a scroll of teleportation {unknown}
 k - a scroll of enchant armour {unknown}
Potions
 h - a potion of heal wounds {unknown}
 i - 2 potions of resistance {unknown}
Books
 c - a book of Battle
Comestibles
 d - 2 bread rations {@e1}
 f - 2 chunks of flesh {@w0}
 j - a royal jelly


   Skills:
 + Level 4.5 Fighting
 + Level 0.6 Short Blades
 + Level 4.5 Long Blades
 + Level 0.6 Axes
 + Level 0.6 Maces & Flails
 + Level 0.6 Polearms
 + Level 0.6 Staves
 + Level 0.6 Slings
 + Level 0.6 Bows
 + Level 0.6 Crossbows
 + Level 0.6 Throwing
 + Level 2.5 Armour
 + Level 4.5 Dodging
 + Level 0.6 Stealth
 + Level 0.6 Shields
 + Level 0.6 Unarmed Combat
 + Level 5.0 Spellcasting
 + Level 0.4 Conjurations
 + Level 0.4 Hexes
 + Level 5.4 Charms
 + Level 0.4 Summonings
 + Level 0.4 Necromancy
 + Level 0.4 Translocations
 + Level 0.4 Transmutations
 + Level 0.4 Fire Magic
 + Level 0.4 Ice Magic
 + Level 0.4 Air Magic
 + Level 0.4 Earth Magic
 + Level 0.4 Poison Magic
 + Level 0.8 Invocations
 + Level 0.6 Evocations


You had 9 spell levels left.
You knew the following spells:

 Your Spells              Type           Power        Failure   Level  Hunger
a - Infusion              Chrm           ###.         2%          1    None
s - Shroud of Golubria    Chrm/Tloc      ##........   10%         2    ##.....


Dungeon Overview and Level Annotations

Branches:
Dungeon (2/15)

Altars:


Innate Abilities, Weirdness & Mutations

Your experience applies equally to all skills.
You have very sharp teeth.
Your uncanny sense of smell can sniff out nearby items.


Message History

You hit the hobgoblin.
You kill the hobgoblin!
Your Spellcasting skill increases to level 5!
No target in view!
You now have 47 gold pieces (gained 13).
Things that are here:
a club; a hobgoblin corpse You butcher the hobgoblin corpse.
f - 2 chunks of flesh {@w0} (gained 1)
Things that are here:
a club; a hobgoblin skeleton A bat comes into view.
Things that are here:
a club; a hobgoblin skeleton A bat is nearby!
No target in view!
No target in view!
No target in view!
No target in view!
The bat is too close now for your liking.
Health restored: 31 The bat barely misses you.
You closely miss the bat. The bat barely misses you.
You riposte.
You miss the bat. The bat barely misses you. The bat closely misses you.
The bat hits you.
You take 1 damage, and have 30/31 hp.
The bat hits you.
You take 1 damage, and have 29/31 hp.
You hit the bat. The bat hits you but does no damage. The bat hits you.
You take 1 damage, and have 28/31 hp.
The bat hits you but does no damage. The bat misses you.
You riposte.
You barely miss the bat. You bite the bat. The bat barely misses you.
You barely miss the bat. The bat closely misses you.
You riposte.
You closely miss the bat. The bat hits you but does no damage.
The bat barely misses you.
You barely miss the bat. The bat hits you.
You take 1 damage, and have 28/31 hp.
You closely miss the bat. The bat closely misses you.
You riposte.
You barely miss the bat. Your bite misses the bat.
The bat hits you but does no damage. The bat completely misses you.
You riposte.
You hit the bat.
You kill the bat!
No target in view!
No target in view!
You see here 21 stones.
A worm and a kobold come into view.
The kobold shouts!
The kobold throws a stone.
The stone closely misses you.
Found a bread ration, 7 gold pieces and a stone.
Found a stone staircase leading down.
A goblin comes into view. It is wielding a dagger.
You regained 2 hp, and now have 30/31 hp.
The kobold throws a stone.
The stone hits you.
A worm comes into view.
You take 3 damage, and have 27/31 hp.
The kobold barely misses you.
You riposte.
You barely miss the kobold.
The goblin shouts!
Your bite misses the kobold. The worm closely misses you.
You hit the worm but do no damage. The kobold hits you but does no damage.
The worm bites you. The kobold hits you with a whip.
You take 7 damage, and have 20/31 hp.
MASSIVE DAMAGE!!
Space distorts slightly along a thin shroud covering your body.
The kobold barely misses you.
You now have 7/9 mp.
You hit the worm. The worm bites you. The goblin closely misses you.
The kobold hits you with a whip.
You take 2 damage, and have 18/31 hp.
You hit the worm. You bite the worm. The goblin hits you but does no damage.
The kobold closely misses you.
You barely miss the worm. The worm bites you.
Your shroud falls apart!
The goblin hits you but does no damage. The kobold hits you with a whip.
You take 8 damage, and have 10/31 hp.
MASSIVE DAMAGE!!
You hit the goblin. The goblin hits you but does no damage.
The kobold barely misses you.
You riposte.
You closely miss the kobold. Your bite misses the kobold. The worm misses you.
You riposte.
You hit the worm.
Your leather armour prevents you from hitting the goblin.
The goblin hits you with a dagger.
* * * LOW HITPOINT WARNING * * *
The kobold closely misses you.
You take 2 damage, and have 9/31 hp.
You hit the goblin but do no damage. You bite the goblin, but do no damage.
The worm bites you.
* * * LOW HITPOINT WARNING * * *
The goblin completely misses you. The kobold misses you.
You take 4 damage, and have 5/31 hp.
You hit the goblin. The goblin closely misses you.
The kobold closely misses you.
You riposte.
You hit the kobold but do no damage. The worm bites you but does no damage.
You hit the goblin.
You kill the goblin!
The kobold barely misses you. The worm bites you!
You die...

..... ....# #.... ....#
#(.. ....# ... ....# #.#
....# #.##
....###########..# #
....+(.........#)#.#
.....#########.#@w.#
......########+#Kw......
....#......... .$.>.....
.##..............#.####.
.###.#...........#.#
.###.............#.#
.#......######+#.#.#
##......### #.#
#........#


You could see 2 worms and a kobold.

Vanquished Creatures
  2 dart slugs (D:1)
  A leopard gecko (D:2)
  A giant cockroach (D:1)
  2 goblins
  2 hobgoblins
  2 jackals (D:1)
  5 bats
  5 kobolds
  4 rats (D:1)
24 creatures vanquished.

Notes
Turn   | Place    | Note
-------+----------+-------------------------------------------
     0 | D:1      | Firecrotchwizard the Gnoll Skald began the quest for the Orb.
     0 | D:1      | Reached XP level 1. HP: 20/20 MP: 6/6
    95 | D:1      | Reached XP level 2. HP: 25/26 MP: 7/7
   101 | D:1      | Learned a level 2 spell: Shroud of Golubria
   739 | D:2      | Reached XP level 3. HP: 30/31 MP: 9/9
   745 | D:2      | Reached skill level 5 in Spellcasting
   797 | D:2      | HP: 5/31 [worm (4)]
   799 | D:2      | Slain by a worm

Vault maps used:
D:1:      saegor_arrival_simple_d, st_stairs_3
D:2:      minitemple, first_bread, minmay_pentomino_x2, uniq_robin

Skill      XL: |  1  2  3 |
---------------+----------+-----
Spellcasting   | 5 |  5.0
Fighting       | |  4.5
Short Blades   | |  0.6
Long Blades    | |  4.5
Axes           | |  0.6
Maces & Flails | |  0.6
Polearms       | |  0.6
Staves         | |  0.6
Slings         | |  0.6
Bows           | |  0.6
Crossbows      | |  0.6
Throwing       | |  0.6
Armour         | |  2.5
Dodging        | |  4.5
Stealth        | |  0.6
Shields        | |  0.6
Unarmed Combat | |  0.6
Conjurations   | |  0.4
Hexes          | |  0.4
Charms         | |  5.4
Summonings     | |  0.4
Necromancy     | |  0.4
Translocations | |  0.4
Transmutations | |  0.4
Fire Magic     | |  0.4
Ice Magic      | |  0.4
Air Magic      | |  0.4
Earth Magic    | |  0.4
Poison Magic   | |  0.4
Invocations    | |  0.8
Evocations     | |  0.6

Action                   || total
-------------------------++-------
Melee: Falchion          ||    64
       Bite              ||     7
 Cast: Shroud of Golubri ||     1
 Stab: Sleeping          ||     1
Armor: Leather armour    ||    21
Dodge: Dodged            ||    64
       Rpst.: Falchion   ||    27

Table legend:
 A = Spawn XP
 B = Non-spawn XP
 C = Spawn XP percentage of total XP
 D = Spawn monster count
 E = Non-spawn monster count
 F = Spawn count percentage of total count
 G = Total turns spent on level
                    A         B        C        D         E        F      G
               +---------+---------+-------+---------+---------+-------+---------
         Total |       0 |      41 |   0.0 |       0 |      24 |   0.0 |   799
               +---------+---------+-------+---------+---------+-------+---------
           D:1 |       0 |      30 |   0.0 |       0 |      18 |   0.0 |   698
           D:2 |       0 |      11 |   0.0 |       0 |       6 |   0.0 |   101
               +---------+---------+-------+---------+---------+-------+---------

Vault maps used:
D:1:      saegor_arrival_simple_d, st_stairs_3
D:2:      minitemple, first_bread, minmay_pentomino_x2, uniq_robin

Table legend:
 A = Turns spent in this place as a percentage of turns spent in the entire game.
 B = Non-inter-level travel turns spent in this place as a percentage of non-inter-level travel turns spent in the entire game.
 C = Inter-level travel turns spent in this place as a percentage of turns spent in this place.
 D = Turns resting spent in this place as a percentage of non-inter-level travel turns spent in this place.
 E = Turns spent auto-exploring this place as a percentage of non-inter-level travel turns spent in this place.
 F = Non-inter-level travel turns spent in this place divided by the number of levels of this place that you've seen.
                   A       B       C       D       E      F
               +-------+-------+-------+-------+-------+----------------------
         Total | 100.0 | 100.0 |   3.0 |   0.0 |  80.6 | 387.5
       Dungeon | 100.0 | 100.0 |   3.0 |   0.0 |  80.6 | 387.5
               +-------+-------+-------+-------+-------+----------------------

Table legend:
 A = Kills in this place as a percentage of kills in entire the game.
 B = Kills by you in this place as a percentage of kills by you in the entire game.
 C = Kills by friends in this place as a percentage of kills by friends in the entire game.
 D = Other kills in this place as a percentage of other kills in the entire game.
 E = Experience gained in this place as a percentage of experience gained in the entire game.
 F = Experience gained in this place divided by the number of levels of this place that you have seen.
                   A       B       C       D       E      F
               +-------+-------+-------+-------+-------+----------------------
         Total | 100.0 | 100.0 |   N/A |   N/A | 100.0 |  20.5
       Dungeon | 100.0 | 100.0 |   N/A |   N/A | 100.0 |  20.5
               +-------+-------+-------+-------+-------+----------------------
